TOP OF THE 1ST |
H.H. Dow HS Chargers batting - Pitching for Fort Worth HS Turkeys : RHP Rubén Ocampo
|
Pitching: RHP Rubén Ocampo
|
|
Batting: RHB Dave Jackson
|
0-0: Foul Ball, location: 2F 0-1: Foul Ball, location: 2F 0-2: Ground out 6-3 (Groundball, 6)
|
Batting: LHB César Martínez
|
0-0: Swinging Strike 0-1: Called Strike 0-2: Ball 1-2: Ball 2-2: Foul Ball, location: 2F 2-2: Strikes out swinging
|
Batting: RHB Dave Carter
|
0-0: Ball 1-0: Foul Ball, location: 2F 1-1: Ball 2-1: Called Strike 2-2: Ground out 6-3 (Groundball, 6)
|
Top of the 1st over - 0 runs, 0 hits, 0 errors, 0 left on base; H.H. Dow HS 0 - Fort Worth HS 0 |
BOTTOM OF THE 1ST |
Fort Worth HS Turkeys batting - Pitching for H.H. Dow HS Chargers : RHP John Hopper
|
Pitching: RHP John Hopper
|
|
Batting: RHB Milton Nixon
|
0-0: Called Strike 0-1: Ball 1-1: Ball 2-1: Called Strike 2-2: Strikes out looking
|
Batting: RHB Bill Williams
|
0-0: Ball 1-0: Swinging Strike 1-1: Called Strike 1-2: Foul Ball, location: 2F 1-2: Strikes out swinging
|
Batting: LHB Mike Richardson
|
0-0: Ball 1-0: Called Strike 1-1: Ball 2-1: Foul Ball, location: 2F 2-2: Foul Ball, location: 2F 2-2: Strikes out looking
|
Bottom of the 1st over - 0 runs, 0 hits, 0 errors, 0 left on base; H.H. Dow HS 0 - Fort Worth HS 0 |
TOP OF THE 2ND |
H.H. Dow HS Chargers batting - Pitching for Fort Worth HS Turkeys : RHP Rubén Ocampo
|
Batting: RHB Daniel Webb
|
0-0: Called Strike 0-1: Ball 1-1: Ball 2-1: Ball 3-1: Foul Ball, location: 2F 3-2: Base on Balls
|
Batting: SHB Pete Thomas
|
0-0: Foul Ball, location: 2F 0-1: Called Strike 0-2: Strikes out looking
|
Batting: RHB Edward Baker
|
0-0: Ball 1-0: Ball 2-0: Ball 3-0: Called Strike 3-1: Base on Balls Daniel Webb to second
|
Batting: SHB Rudy Cox
|
0-0: Ball 1-0: Ball 2-0: Called Strike 2-1: Ground out 5-3 (Groundball, 56S) Daniel Webb to third Edward Baker to second
|
Batting: RHB John Hughes
|
0-0: Ball 1-0: Called Strike 1-1: Ball 2-1: Fly out, F3 (Popup, 34S)
|
Top of the 2nd over - 0 runs, 0 hits, 0 errors, 2 left on base; H.H. Dow HS 0 - Fort Worth HS 0 |
BOTTOM OF THE 2ND |
Fort Worth HS Turkeys batting - Pitching for H.H. Dow HS Chargers : RHP John Hopper
|
Batting: RHB Alfonso Rivera
|
0-0: Ball 1-0: Fly out, F4 (Popup, 23)
|
Batting: LHB Pancho Vázquez
|
0-0: Ball 1-0: Ball 2-0: Ball 3-0: Called Strike 3-1: Base on Balls
|
Batting: SHB Gonzalo Cardona
|
0-0: Called Strike 0-1: Ball 1-1: Ball 2-1: Swinging Strike 2-2: Strikes out swinging
|
Batting: RHB Cameron Harris
|
0-0: Foul Ball, location: 2F 0-1: Ball 1-1: Ball 2-1: Ball 3-1: Base on Balls Pancho Vázquez to second
|
Batting: RHB Mike Casey
|
0-0: Ball 1-0: Foul Ball, location: 2F 1-1: Ball 2-1: Swinging Strike 2-2: Strikes out looking
|
Bottom of the 2nd over - 0 runs, 0 hits, 0 errors, 2 left on base; H.H. Dow HS 0 - Fort Worth HS 0 |
TOP OF THE 3RD |
H.H. Dow HS Chargers batting - Pitching for Fort Worth HS Turkeys : RHP Rubén Ocampo
|
Batting: RHB Samuel Benoit
|
0-0: Ball 1-0: Ball 2-0: Ball 3-0: Called Strike 3-1: Foul Ball, location: 2F 3-2: Base on Balls
|
Batting: RHB Dave Jackson
|
0-0: Ball 1-0: Foul Ball, location: 2F 1-1: Ball 2-1: Grounds into double play, 6-4-3 (Groundball, 6)
|
Batting: LHB César Martínez
|
0-0: Called Strike 0-1: Swinging Strike 0-2: Ball 1-2: Ball 2-2: Foul Ball, location: 2F 2-2: Foul Ball, location: 2F 2-2: SINGLE (Flyball, 7LS)
|
Batting: RHB Dave Carter
|
0-0: Ball 1-0: Swinging Strike 1-1: Foul Ball, location: 2F 1-2: Ball 2-2: Strikes out looking
|
Top of the 3rd over - 0 runs, 1 hit, 0 errors, 1 left on base; H.H. Dow HS 0 - Fort Worth HS 0 |
BOTTOM OF THE 3RD |
Fort Worth HS Turkeys batting - Pitching for H.H. Dow HS Chargers : RHP John Hopper
|
Batting: LHB Theodore Wilkerson
|
0-0: Ball 1-0: Fly out, F8 (Flyball, 8RD)
|
Batting: RHB Milton Nixon
|
0-0: Called Strike 0-1: Ball 1-1: Ball 2-1: Ball 3-1: Swinging Strike 3-2: Foul Ball, location: 2F 3-2: SINGLE (Groundball, 6MS) (infield hit)
|
Batting: RHB Bill Williams
|
0-0: Called Strike Milton Nixon steals 2nd base 0-1: Called Strike 0-2: Ball 1-2: DOUBLE (Line Drive, 8LD) Milton Nixon scores
|
Batting: LHB Mike Richardson
|
0-0: Called Strike 0-1: Foul Ball, location: 2F 0-2: Ball 1-2: Ball 2-2: Ground out 6-3 (Groundball, 6)
|
Batting: RHB Alfonso Rivera
|
0-0: Called Strike 0-1: Ball 1-1: Foul Ball, location: 2F 1-2: Foul Ball, location: 2F 1-2: SINGLE (Groundball, 6D) Bill Williams to third Runner from 3rd tries for Home, SAFE, no throw
|
Batting: LHB Pancho Vázquez
|
0-0: Ball 1-0: Called Strike 1-1: Swinging Strike 1-2: Ball 2-2: Strikes out swinging
|
Bottom of the 3rd over - 2 runs, 3 hits, 0 errors, 1 left on base; H.H. Dow HS 0 - Fort Worth HS 2 |
TOP OF THE 4TH |
H.H. Dow HS Chargers batting - Pitching for Fort Worth HS Turkeys : RHP Rubén Ocampo
|
Batting: RHB Daniel Webb
|
0-0: Called Strike 0-1: Ball 1-1: Fly out, F8 (Flyball, 8LM)
|
Batting: SHB Pete Thomas
|
0-0: Ball 1-0: Foul Ball, location: 2F 1-1: Swinging Strike 1-2: Strikes out swinging
|
Batting: RHB Edward Baker
|
0-0: Called Strike 0-1: Ball 1-1: Ball 2-1: SINGLE (Flyball, 9S)
|
Batting: SHB Rudy Cox
|
0-0: Ball 1-0: Ball 2-0: Ball 3-0: Called Strike 3-1: Base on Balls Edward Baker to second
|
Batting: RHB John Hughes
|
0-0: Called Strike 0-1: Called Strike 0-2: Strikes out swinging
|
Top of the 4th over - 0 runs, 1 hit, 0 errors, 2 left on base; H.H. Dow HS 0 - Fort Worth HS 2 |
BOTTOM OF THE 4TH |
Fort Worth HS Turkeys batting - Pitching for H.H. Dow HS Chargers : RHP John Hopper
|
Batting: SHB Gonzalo Cardona
|
0-0: Swinging Strike 0-1: Ball 1-1: Foul Ball, location: 2F 1-2: Ground out 1-3 (Groundball, 15S)
|
Batting: RHB Cameron Harris
|
0-0: Fly out, F8 (Flyball, 8LD)
|
Batting: RHB Mike Casey
|
0-0: Ball 1-0: SINGLE (Groundball, 56D)
|
Batting: LHB Theodore Wilkerson
|
0-0: Ball 1-0: Ball 2-0: Ball 3-0: Called Strike 3-1: SINGLE (Line Drive, 34) Mike Casey to second Runner from 2nd tries for 3rd, SAFE, throw made to third
|
Batting: RHB Milton Nixon
|
0-0: Ball 1-0: Fly out, F9 (Flyball, 9S)
|
Bottom of the 4th over - 0 runs, 2 hits, 0 errors, 2 left on base; H.H. Dow HS 0 - Fort Worth HS 2 |
TOP OF THE 5TH |
H.H. Dow HS Chargers batting - Pitching for Fort Worth HS Turkeys : RHP Rubén Ocampo
|
Batting: RHB Samuel Benoit
|
0-0: Foul Ball, location: 2F 0-1: Foul Ball, location: 2F 0-2: Ball 1-2: Strikes out looking
|
Pitching: RHP Ralph Bailey
|
|
Batting: RHB Dave Jackson
|
0-0: Ball 1-0: Called Strike 1-1: Ground out 1-3 (Groundball, 15)
|
Batting: LHB César Martínez
|
0-0: Ball 1-0: Foul Ball, location: 2F 1-1: Swinging Strike 1-2: Foul Ball, location: 2F 1-2: DOUBLE (Line Drive, 7LM)
|
Batting: RHB Dave Carter
|
0-0: Ground out 4-3 (Groundball, 34)
|
Top of the 5th over - 0 runs, 1 hit, 0 errors, 1 left on base; H.H. Dow HS 0 - Fort Worth HS 2 |
BOTTOM OF THE 5TH |
Fort Worth HS Turkeys batting - Pitching for H.H. Dow HS Chargers : RHP John Hopper
|
Pitching: LHP Álex Domínguez
|
|
Batting: RHB Bill Williams
|
0-0: Swinging Strike 0-1: Fly out, F8 (Flyball, 8RD)
|
Batting: LHB Mike Richardson
|
0-0: Swinging Strike 0-1: Ball 1-1: Foul Ball, location: 2F 1-2: Ball 2-2: Fly out, F3 (Line Drive, 3)
|
Batting: RHB Alfonso Rivera
|
0-0: Foul Ball, location: 2F 0-1: Ball 1-1: Swinging Strike 1-2: Foul Ball, location: 2F 1-2: Ball 2-2: Ball 3-2: Base on Balls
|
Batting: LHB Pancho Vázquez
|
0-0: Ball 1-0: Foul Ball, location: 2F 1-1: Ball 2-1: Foul Ball, location: 2F 2-2: Foul Ball, location: 2F 2-2: Foul Ball, location: 2F 2-2: Strikes out swinging
|
Bottom of the 5th over - 0 runs, 0 hits, 0 errors, 1 left on base; H.H. Dow HS 0 - Fort Worth HS 2 |
TOP OF THE 6TH |
H.H. Dow HS Chargers batting - Pitching for Fort Worth HS Turkeys : RHP Ralph Bailey
|
Batting: RHB Daniel Webb
|
0-0: Ball 1-0: Ball 2-0: Called Strike 2-1: Ball 3-1: Base on Balls
|
Batting: SHB Pete Thomas
|
0-0: Swinging Strike 0-1: Ball 1-1: Ball 2-1: Foul Ball, location: 2F 2-2: Foul Ball, location: 2F 2-2: Ball 3-2: Foul Ball, location: 2F 3-2: SINGLE (Flyball, 9S) Daniel Webb to second Runner from 2nd tries for 3rd, SAFE, no throw
|
Batting: RHB Edward Baker
|
0-0: Ball 1-0: Foul Ball, location: 2F 1-1: Ground out 6-3 (Groundball, 6) Pete Thomas to second
|
Batting: SHB Rudy Cox
|
0-0: Called Strike 0-1: Foul Ball, location: 2F 0-2: Foul Ball, location: 2F 0-2: Ball 1-2: Foul Ball, location: 2F 1-2: Strikes out swinging
|
Batting: RHB John Hughes
|
0-0: Ball 1-0: Called Strike 1-1: Ground out 6-3 (Groundball, 6)
|
Top of the 6th over - 0 runs, 1 hit, 0 errors, 2 left on base; H.H. Dow HS 0 - Fort Worth HS 2 |
BOTTOM OF THE 6TH |
Fort Worth HS Turkeys batting - Pitching for H.H. Dow HS Chargers : RHP Bob González
|
Pitching: RHP Bob González
|
|
Batting: SHB Gonzalo Cardona
|
0-0: Ball 1-0: Ball 2-0: Called Strike 2-1: Hit by Pitch
|
Batting: RHB Cameron Harris
|
0-0: Swinging Strike 0-1: Called Strike 0-2: Hit by Pitch Gonzalo Cardona to second
|
Batting: RHB Mike Casey
|
0-0: Called Strike 0-1: Foul Ball, location: 2F 0-2: Ground out 6-3 (Groundball, 6S) Gonzalo Cardona to third Cameron Harris to second
|
Batting: LHB Theodore Wilkerson
|
0-0: Fly out, F7 (Line Drive, 7S) Runner from 3rd tags up, SCORES, no throw
|
Batting: RHB Milton Nixon
|
0-0: Called Strike 0-1: Ball 1-1: Swinging Strike 1-2: Fly out, F7 (Flyball, 7S)
|
Bottom of the 6th over - 1 run, 0 hits, 0 errors, 1 left on base; H.H. Dow HS 0 - Fort Worth HS 3 |
TOP OF THE 7TH |
H.H. Dow HS Chargers batting - Pitching for Fort Worth HS Turkeys : RHP Ralph Bailey
|
Batting: RHB Samuel Benoit
|
0-0: SINGLE (Groundball, 6MS) (infield hit)
|
Batting: RHB Dave Jackson
|
0-0: Fly out, F8 (Flyball, 8RM)
|
Batting: LHB César Martínez
|
0-0: Called Strike 0-1: Ball 1-1: Foul Ball, location: 2F 1-2: Ball 2-2: Foul Ball, location: 2F 2-2: Ball 3-2: Strikes out swinging
|
Batting: RHB Dave Carter
|
0-0: Foul Ball, location: 2F 0-1: Called Strike 0-2: Strikes out swinging
|
Top of the 7th over - 0 runs, 1 hit, 0 errors, 1 left on base; H.H. Dow HS 0 - Fort Worth HS 3 |
BOTTOM OF THE 7TH |
Fort Worth HS Turkeys batting - Pitching for H.H. Dow HS Chargers : RHP Bob González
|
Batting: RHB Bill Williams
|
0-0: Ball 1-0: Swinging Strike 1-1: Swinging Strike 1-2: Foul Ball, location: 2F 1-2: Ball 2-2: SOLO HOME RUN (Flyball, 7LD), Distance : 343 ft
|
Pitching: RHP Reynaldo Reyes
|
|
Batting: LHB Mike Richardson
|
0-0: Ball 1-0: Ball 2-0: Ball 3-0: Called Strike 3-1: Base on Balls
|
Batting: RHB Alfonso Rivera
|
0-0: Called Strike 0-1: Ball 1-1: Ball 2-1: Ball 3-1: Base on Balls Mike Richardson to second
|
Batting: LHB Pancho Vázquez
|
0-0: Ball 1-0: Ball 2-0: Ball 3-0: Foul Ball, location: 2F 3-1: Foul Ball, location: 2F 3-2: Fly out, F9 (Flyball, 9LM)
|
Batting: SHB Gonzalo Cardona
|
0-0: Foul Ball, location: 2F 0-1: Ball 1-1: Fly out, F8 (Flyball, 8LD)
|
Batting: RHB Cameron Harris
|
0-0: Called Strike 0-1: Ball 1-1: Foul Ball, location: 2F 1-2: Ball 2-2: Ball 3-2: Base on Balls Mike Richardson to third Alfonso Rivera to second
|
Batting: RHB Mike Casey
|
0-0: Foul Ball, location: 2F 0-1: Ground out 3-1 (Groundball, 34)
|
Bottom of the 7th over - 1 run, 1 hit, 0 errors, 3 left on base; H.H. Dow HS 0 - Fort Worth HS 4 |
TOP OF THE 8TH |
H.H. Dow HS Chargers batting - Pitching for Fort Worth HS Turkeys : RHP Ralph Bailey
|
Batting: RHB Daniel Webb
|
0-0: Called Strike 0-1: Ball 1-1: Called Strike 1-2: SINGLE (Groundball, 4MD)
|
Batting: SHB Pete Thomas
|
0-0: Ball 1-0: Foul Ball, location: 2F 1-1: Ball 2-1: Called Strike 2-2: Strikes out swinging
|
Pitching: RHP Lou Spooner
|
|
Batting: RHB Edward Baker
|
0-0: Ball 1-0: Foul Ball, location: 2F 1-1: Called Strike 1-2: Ball 2-2: Ball 3-2: Base on Balls Daniel Webb to second
|
Batting: SHB Rudy Cox
|
0-0: Foul Ball, location: 2F 0-1: Ball 1-1: Swinging Strike 1-2: Foul Ball, location: 2F 1-2: Strikes out looking
|
Batting: RHB John Hughes
|
0-0: Ball 1-0: Called Strike 1-1: Foul Ball, location: 2F 1-2: Ball 2-2: Ball 3-2: Base on Balls Daniel Webb to third Edward Baker to second
|
Batting: RHB Samuel Benoit
|
0-0: Ball 1-0: Ball 2-0: Ball 3-0: Called Strike 3-1: Base on Balls Daniel Webb scores Edward Baker to third John Hughes to second
|
Batting: RHB Dave Jackson
|
0-0: Ball 1-0: Called Strike 1-1: Swinging Strike 1-2: SINGLE (Groundball, 56D) Edward Baker scores John Hughes to third Samuel Benoit to second Runner from 3rd tries for Home, SAFE, no throw
|
Pitching: RHP Greg William
|
|
Batting: LHB César Martínez
|
0-0: Foul Ball, location: 2F 0-1: Called Strike 0-2: Ball 1-2: Foul Ball, location: 2F 1-2: Ball 2-2: Ball 3-2: Strikes out swinging
|
Top of the 8th over - 3 runs, 2 hits, 0 errors, 2 left on base; H.H. Dow HS 3 - Fort Worth HS 4 |
BOTTOM OF THE 8TH |
Fort Worth HS Turkeys batting - Pitching for H.H. Dow HS Chargers : RHP Reynaldo Reyes
|
Batting: LHB Theodore Wilkerson
|
0-0: Fly out, F4 (Line Drive, 4)
|
Batting: RHB Milton Nixon
|
0-0: Ball 1-0: Foul Ball, location: 2F 1-1: Ball 2-1: Called Strike 2-2: Ball 3-2: Fly out, F7 (Flyball, 78D)
|
Batting: RHB Bill Williams
|
0-0: Called Strike 0-1: Swinging Strike 0-2: Strikes out looking
|
Bottom of the 8th over - 0 runs, 0 hits, 0 errors, 0 left on base; H.H. Dow HS 3 - Fort Worth HS 4 |
TOP OF THE 9TH |
H.H. Dow HS Chargers batting - Pitching for Fort Worth HS Turkeys : RHP Greg William
|
Pitching: RHP Emmett Arbuckle
|
|
Now at 1B: Oscar Graham
|
|
Batting: RHB Dave Carter
|
0-0: Called Strike 0-1: Fly out, F8 (Flyball, 8RM)
|
Batting: RHB Daniel Webb
|
0-0: SINGLE (Flyball, 89S)
|
Batting: SHB Pete Thomas
|
0-0: Ball 1-0: Ball 2-0: Called Strike 2-1: Called Strike 2-2: Ball 3-2: Strikes out looking
|
Batting: RHB Edward Baker
|
0-0: Called Strike 0-1: Swinging Strike 0-2: Ball 1-2: Ball 2-2: Foul Ball, location: 2F 2-2: Foul Ball, location: 2F 2-2: Strikes out looking
|
Top of the 9th over - 0 runs, 1 hit, 0 errors, 1 left on base; H.H. Dow HS 3 - Fort Worth HS 4 |
|